 Dungeon Crawl Stone Soup version 0.26.0-20-g3ca415f5b8 (webtiles) character file.

Game seed: 10903545523706773807

121 thiole the Sneak (level 5, -2/31 HPs)
             Began as an Octopode Hedge Wizard on Jan 26, 2021.
             Slain by an orc priest
             ... wielding a +0 whip
              (4 damage)
             ... on level 3 of the Dungeon.
             The game lasted 00:04:13 (3633 turns).

thiole the Sneak (Octopode Hedge Wizard)            Turns: 3633, Time: 00:04:14

Health: -2/31      AC:  1    Str:  9    XL:     5   Next: 5%
Magic:  2/10       EV: 13    Int: 18    God:
Gold:   101        SH:  0    Dex: 11    Spells: 3/11 levels left

rFire    . . .     SeeInvis .   a - +0 dagger
rCold    . . .     Faith    .   (no shield)
rNeg     . . .     Spirit   .   b - +0 hat
rPois    .         Reflect  .   (no amulet)
rElec    .         Harm     .   o - ring of willpower
rCorr    .         Rampage  .   (no ring)
Will     +....                  (no ring)
Stlth    +++.......             (no ring)
HPRegen  0.10/turn              (no ring)
MPRegen  0.12/turn              (no ring)
                                (no ring)
                                (no ring)

@: no status effects
A: almost no armour, stealthy swim, amphibious, 8 rings, constrict 8, camouflage
1, gelatinous body 1
a: no special abilities


You were on level 3 of the Dungeon.
You visited 1 branch of the dungeon, and saw 3 of its levels.

You collected 101 gold pieces.

Inventory:

Hand Weapons
 a - a +0 dagger (weapon)
Missiles
 t - 4 large rocks
Armour
 b - a +0 hat (worn)
Jewellery
 o - a ring of willpower (left tentacle)
 q - an uncursed ring of ice
Wands
 p - a wand of flame (22)
Scrolls
 c - 2 scrolls of teleportation {unknown}
 i - 2 scrolls of immolation {unknown}
 k - 2 scrolls of remove curse {unknown}
 m - a scroll of noise {unknown}
 n - a scroll of enchant armour {unknown}
Potions
 d - a potion of curing {unknown}
 e - 2 potions of heal wounds {unknown}
 f - a potion of mutation {unknown}
 g - a potion of haste {unknown}
 j - 2 potions of flight {unknown}
 l - a potion of might {unknown}
 r - a potion of lignification {unknown}


   Skills:
 - Level 2.0 Dodging
 + Level 4.1 Stealth
 + Level 3.5 Spellcasting
 - Level 2.0 Conjurations
 - Level 2.0 Summonings
 - Level 1.0 Translocations
 + Level 1.2 Air Magic
 + Level 1.7 Poison Magic


You had 3 spell levels left.
You knew the following spells:

 Your Spells              Type           Power        Failure   Level
a - Magic Dart            Conj           40%          7%          1
b - Call Imp              Summ           10%          11%         2
c - Blink                 Tloc           N/A          16%         2
d - Mephitic Cloud        Conj/Pois/Air  9%           24%         3

Your spell library contained the following spells:

 Spells                   Type           Power        Failure   Level
 Slow                     Hex            3%           24%         2
 Conjure Flame            Conj/Fire      6%           30%         3


Dungeon Overview and Level Annotations

Branches:
Dungeon (3/15)

Altars:
Ashenzari
Okawaru
Sif Muna


Innate Abilities, Weirdness & Mutations

You cannot wear most types of armour.
You are very stealthy in the water. (Stealth+)
You are amphibious.
You can wear up to eight rings at the same time.
You can use your tentacles to constrict eight enemies at once.
Your skin changes colour to match your surroundings (Stealth+).
Your rubbery body absorbs attacks. (AC +1, EV +1)


Message History

The magic dart hits the orc priest.
The orc priest is severely wounded.
The orc priest hits you with a +0 whip.
You are too injured to fight recklessly!
Unknown command.
You hit the orc priest but do no damage.
Your grab misses the orc priest.
The orc priest is severely wounded.
The orc priest mumbles some strange prayers to Beogh against you.
Pain shoots through your body!
* * * LOW HITPOINT WARNING * * *
Your magical contamination has completely faded away.
You barely miss the orc priest. You grab the orc priest.
The orc priest is severely wounded.
You constrict the orc priest. The orc priest hits you with a +0 whip.
* * * LOW HITPOINT WARNING * * *
You hit the orc priest.
The orc priest is almost dead.
You constrict the orc priest. The orc priest hits you with a +0 whip.
You die...

#. #.######
##(#...) ......#
...
#####.....####
.. ........o....
###...###.<.o..#
...#.......@..#
#...###...#†## #
#.## ##.##.# #.
#..## #.# .# #.
##...###.# .#
##.###.#.#.##.#
)#
#...#.##.##.#.#
.#
##.............#
.#
.......##.##.###


You could see 2 orc priests.

Vanquished Creatures
  5 adders
  An ufetubus (D:2)
  2 worms
  3 dart slugs
  2 leopard geckos (D:1)
  3 orcs
  5 giant cockroaches
  5 goblins
  6 hobgoblins
  4 kobolds
  A ball python (D:1)
  10 bats
  2 frilled lizards (D:1)
  4 rats
53 creatures vanquished.

Notes
Turn   | Place    | Note
-------+----------+-------------------------------------------
     0 | D:1      | thiole the Octopode Hedge Wizard began the quest for the
                  | Orb.
     0 | D:1      | Reached XP level 1. HP: 11/11 MP: 4/4
   224 | D:1      | Reached skill level 3 in Stealth
   224 | D:1      | Reached XP level 2. HP: 17/17 MP: 3/6
   770 | D:1      | Reached XP level 3. HP: 21/21 MP: 0/7
  1395 | D:2      | Learned a level 2 spell: Call Imp
  1398 | D:2      | Learned a level 2 spell: Blink
  1402 | D:2      | Learned a level 3 spell: Mephitic Cloud
  1699 | D:2      | Found an iron altar of Okawaru.
  1699 | D:2      | Found a shimmering blue altar of Sif Muna.
  1700 | D:2      | Found a broken altar of Ashenzari.
  1868 | D:2      | Reached XP level 4. HP: 27/27 MP: 1/8
  2148 | D:2      | Reached skill level 1 in Poison Magic
  2651 | D:2      | Reached skill level 1 in Air Magic
  3514 | D:3      | Reached skill level 4 in Stealth
  3514 | D:3      | Reached XP level 5. HP: 28/31 MP: 2/10
  3633 | D:3      | Slain by an orc priest

Illustrated notes

Levels and vault maps discovered:
D:1:      dpeg_arrival_three_smaller_balls, layout_rooms
D:2:      mumra_celtic_spiral_tile, layout_basic, gammafunk_temple_overflow_claw
D:3:      layout_loops_ring, minitemple,
          nicolae_gozag_cash_rules_everything_around_me, uniq_sigmund

Skill      XL: |  1  2  3  4 |
---------------+-------------+-----
Stealth        | 3 4 |  4.1
Conjurations   | 2 |  2.0
Summonings     | 2 |  2.0
Poison Magic   | 1 |  1.7
Air Magic      | 1 |  1.2
Dodging        | |  2.0
Spellcasting   | |  3.5
Translocations | |  1.0

Action                   |  1- 3 |  4- 6 || total
-------------------------+-------+-------++-------
Melee: Dagger            |    16 |    17 ||    33
       Constrict         |     6 |     5 ||    11
       Tentacles         |     2 |     2 ||     4
 Cast: Magic Dart        |    97 |    64 ||   161
       Call Imp          |       |     1 ||     1
  Use: Scroll            |       |     3 ||     3
Armor: Skin              |     2 |     1 ||     3
Dodge: Dodged            |    16 |    30 ||    46
